Map: Eternal Empire LE

Players

diamremREWES - Winner!

  • Race: Protoss Protoss
  • League: Diamond
  • Spawn Location: 1:00

martin

  • Race: Terran Terran
  • League: Diamond
  • Spawn Location: 7:00

VOD

Have the link to the VOD?

Description

Time

  • Played on: Dec. 1, 2019, 2:51 p.m.
  • Length: 6:22
Show
View Real Time Build Order
Export as new Build Order

diamremREWES Protoss - Winner!

Build Orders:  

Get SALT Encoding   

  12  0:01  Probe  
  13  0:13  Probe  
  14  0:23  Pylon  
  14  0:26  Probe (Chrono Boost)  
  15  0:39  Probe (Chrono Boost)  
  16  0:42  Gateway  
  16  0:50  Assimilator  
  16  0:59  Probe (Chrono Boost)  
  17  1:11  Probe (Chrono Boost)  
  18  1:33  Cybernetics Core  
  18  1:34  Gateway  
  18  1:41  Probe  
  19  1:53  Nexus  
  19  2:03  Probe  
  19  2:11  Adept (Chrono Boost)  
  19  2:13  Pylon  
  21  2:16  Warp Gate  
  21  2:27  Adept (Chrono Boost)  
  22  2:51  Adept  
  22  2:54  Adept  
  22  2:58  Gateway  
  26  2:59  Probe  
  27  3:06  Gateway  
  27  3:14  Shield Battery  
  27  3:19  Probe  
  28  3:32  Pylon  
  28  3:40  Shield Battery  
  28  4:08  Stalker x4  
  36  4:18  Shield Battery  
  36  4:41  Stalker x3  
  40  4:57  Stalker  
  32  5:13  Stalker  
  26  5:23  Stalker x2  
  26  5:44  Pylon  
  26  5:46  Pylon  
Show
View Real Time Build Order
Export as new Build Order

martin Terran 

Build Orders:  

Get SALT Encoding   

  12  0:00  SCV  
  13  0:12  SCV  
  14  0:18  Supply Depot  
  14  0:24  SCV  
  15  0:39  SCV  
  15  0:41  Barracks  
  16  0:45  Refinery  
  16  0:51  SCV  
  17  1:03  SCV  
  18  1:15  SCV  
  19  1:28  SCV  
  19  1:29  Reaper  
  21  1:37  Command Center  
  21  1:40  SCV  
  22  1:47  Supply Depot  
  22  1:53  SCV  
  23  2:09  SCV  
  23  2:13  Bunker  
  24  2:19  Barracks Reactor, Bunker  
  24  2:21  SCV  
  25  2:28  Barracks  
  25  2:33  SCV  
  26  2:51  Orbital Command x2  
  26  2:57  Marine x2  
  27  3:15  Marine x2  
  29  3:23  SCV x2  
  31  3:29  Marine, Refinery  
  31  3:32  Marine  
  33  3:35  SCV  
  34  3:52  Marine x3  
  37  4:01  SCV x2  
  39  4:09  Marine  
  39  4:15  Marine x2  
  42  4:27  Marine  
  40  4:39  Marine x2  
  13  5:12  Marine x3  
  8  5:30  Marine x2  
  8  5:34  SCV  
  9  5:46  SCV  
  9  5:49  Marine x2  
  7  5:58  SCV  
  7  6:02  Marine  
Tags
 
Add a new tag
Caveats
  • Supply blocks, unpowered buildings, or Contaminate may cause inaccurate times.
  • Supply counts are checked every 10 seconds.